 Dungeon Crawl Stone Soup version 0.26-a0-651-gb41185065b (webtiles) character file.

Game seed: 13482471844064654862

30207 Flugslaktarn the Cleaver (level 13, -3/127 HPs)
             Began as a Deep Dwarf Fighter on Oct 19, 2020.
             Was a High Priest of Makhleb.
             Slain by a fire elemental (7 damage)
             ... on level 2 of the Abyss.
             The game lasted 00:08:26 (10009 turns).

Flugslaktarn the Cleaver (Deep Dwarf Fighter)      Turns: 10009, Time: 00:08:26

Health: -3/127     AC: 17    Str: 20    XL:     13   Next: 19%
Magic:  1/1        EV:  9    Int: 10    God:    Makhleb [*****.]
Gold:   444        SH: 11    Dex: 16    Spells: 12/12 levels left

rFire    . . .     SeeInvis +   j - +3 broad axe (venom)
rCold    . . .     Faith    .   E - +0 kite shield
rNeg     . . .     Spirit   .   v - +0 plate armour
rPois    .         Reflect  .   y - +0 helmet
rElec    .         Harm     .   (no cloak)
rCorr    +         Rampage  .   (no gloves)
MR       +....                  m - +0 pair of boots
Stlth    ..........             (no amulet)
HPRegen  0.00/turn              k - ring of resist corrosion
MPRegen  0.07/turn              i - ring of see invisible

@: non-regenerating, badly diseased
A: damage resistance, heal wounds, sense surroundings 2, no regeneration
a: Heal Wounds, Minor Destruction, Lesser Servant of Makhleb, Major Destruction,
Greater Servant of Makhleb, Renounce Religion


You were on level 2 of the Abyss.
You worshipped Makhleb.
Makhleb was extremely pleased with you.
You visited 2 branches of the dungeon, and saw 14 of its levels.
You visited the Abyss 1 time.

You collected 926 gold pieces.
You spent 482 gold pieces at shops.

Inventory:

Hand Weapons
 a - a +1 war axe
 j - a +3 broad axe of venom (weapon)
   (You found it on level 7 of the Dungeon)
 s - a +2 dagger of distortion
   (You took it off Sonja on level 10 of the Dungeon)
Missiles
 r - 2 throwing nets (quivered)
Armour
 m - a +0 pair of boots (worn)
   (You found it on level 11 of the Dungeon)
 v - a +0 plate armour (worn)
   (You found it on level 10 of the Dungeon)
 y - a +0 helmet (worn)
   (You took it off Robin on level 2 of the Dungeon)
 A - the +0 chain mail of Jigsaw {rF+++ rC- Int+6}
   (You found it on level 11 of the Dungeon)

   It affects your intelligence (+6).
   It renders you almost immune to fire.
   It makes you vulnerable to cold.
 E - a +0 kite shield (worn)
Jewellery
 c - an uncursed ring of protection from cold
   (You found it on level 12 of the Dungeon)
 i - a ring of see invisible (right hand)
   (You found it on level 12 of the Dungeon)
 k - a ring of resist corrosion (left hand)
   (You found it on level 7 of the Dungeon)
Wands
 g - a wand of acid (3)
   (You found it on level 4 of the Dungeon)
 p - a wand of iceblast (16)
   (You found it on level 3 of the Dungeon)
 B - a wand of enslavement (13)
   (You found it on level 12 of the Dungeon)
Scrolls
 b - 3 scrolls of immolation
 l - a scroll of magic mapping
 o - 5 scrolls of fear
 t - 7 scrolls of teleportation
 u - a scroll of fog
 x - 5 scrolls of remove curse
 z - 2 scrolls of blinking
 D - a scroll of summoning
Potions
 d - a potion of might
 e - 5 potions of flight
 f - 2 potions of lignification
 h - a potion of haste
 n - 4 potions of resistance
 q - 4 potions of curing
 w - 2 potions of heal wounds
 C - 2 potions of mutation
 G - a potion of berserk rage {unknown}
 H - 10 potions of ambrosia
Miscellaneous
 F - a condenser vane (2/2)
   (You found it on level 10 of the Dungeon)


   Skills:
 * Level 11.5 Fighting
 * Level 13.2 Axes
 + Level 10.0 Armour
 - Level 7.8 Dodging
 + Level 6.1 Shields
 + Level 7.6 Invocations
 + Level 7.7 Evocations


You had 12 spell levels left.
You didn't know any spells.
Your spell library was empty.

Dungeon Overview and Level Annotations

Branches:
Dungeon (13/15)            Temple (1/1) D:7            Lair (0/6) D:11
    Orc (0/2) D:11
 Vaults: D:13-14

Altars:
Ashenzari
Cheibriados
Dithmenos
Elyvilon
Fedhas
Gozag
Hepliaklqana
Kikubaaqudgha
Makhleb
Nemelex Xobeh
Okawaru
Qazlal
Ru
Sif Muna
Trog
Uskayaw
Vehumet
Wu Jian
Xom
Yredelemnul
Zin
The Shining One
Beogh
Lugonu

Shops:
D:4 !   D:6 }?*?   D:9 *   D:12 ?


Innate Abilities, Weirdness & Mutations

You are resistant to damage.
You can heal yourself by infusing magical energy.
You passively map the area around you.
You do not regenerate.


Message History

The large abomination hits you!
* * * LOW HITPOINT WARNING * * *
The fire elemental hits you. The fire elemental burns you!
* * * LOW HITPOINT WARNING * * *
You are too injured to fight recklessly!
You slash the large abomination!
The large abomination is moderately damaged.
You barely miss the fire elemental. You block the fire elemental's attack.
The large abomination hits you!!
* * * LOW HITPOINT WARNING * * *
You are too injured to fight recklessly!
You slash the large abomination!
The large abomination is heavily damaged.
You barely miss the fire elemental. The fire elemental closely misses you.
You are too injured to fight recklessly!
You slash the large abomination!
The large abomination is severely damaged.
You hit the fire elemental but do no damage.
The fire elemental hits you. The fire elemental burns you!
You die...

.## #.. #..## .#...
..≈♣# )≈...
#####...##≈≈... ##
.. #......≈... .##
.##.#≈≈...≈.... #
...####≈≈...X......
. .
....≈≈≈.≈@....... .
##
≈.#≈≈≈≈≈≈E....... .
#.#..≈≈≈≈..≈.......
# #.
≈.≈≈≈...##..... #
≈# ≈
≈.≈≈≈...##...... ..
.. .≈#.#.....☼ ....
. ≈.≈≈≈ ##......
..... ...
.#........ ... . .
# ......... .


You could see a large abomination and a fire elemental.

Vanquished Creatures
  Harold (D:7)
  A death knight (D:12)
  A catoblepas (D:12)
  A tengu warrior (D:13)
  4 two-headed ogres
  3 thrashing horrors (Abyss:2)
  Sonja (D:10)
  A skeletal warrior (D:12)
  A wizard (D:12)
  A glowing orange brain (Abyss:2)
  An orc knight (D:12)
  An ugly thing (D:12)
  A worldbinder (Abyss:2)
  2 manticores (D:12)
  Psyche (D:9)
  A centaur zombie (D:13)
  Maggie (D:10)
  2 centaur skeletons
  A yaktaur (D:12)
  A tengu conjurer (D:13)
  3 ancient zymes (Abyss:2)
  4 trolls
  A queen bee (D:11)
  3 hornets
  6 flying skulls (Abyss:2)
  A ynoxinul (Abyss:2)
  4 wraiths
  A vampire (D:12)
  A hog (shapeshifter) (D:12)
  10 yaks
  2 steam dragons
  3 wyverns
  2 large abominations (Abyss:2)
  4 vampire mosquitoes (D:13)
  2 insubstantial wisps (D:8)
  4 water moccasins
  A swamp drake (D:11)
  6 sky beasts
  9 orc warriors
  8 ice beasts
  2 necrophages
  4 phantoms
  8 ogres
  3 centaurs
  3 big kobolds
  A wyvern zombie (D:10)
  A small abomination (Abyss:2)
  A gnoll sergeant (D:5)
  6 bullfrogs
  3 scorpions
  35 killer bees
  6 wights
  6 howler monkeys
  5 starcursed masses (Abyss:2)
  A quasit (D:12)
  2 jellies
  9 orc priests
  4 bullfrog skeletons
  A gnoll shaman (D:4)
  9 hounds
  18 orc wizards
  Terence (D:2)
  An iguana (D:5)
  12 worker ants
  A killer bee zombie (D:6)
  A hound skeleton (D:11)
  A howler monkey zombie (D:7)
  Robin (D:2)
  13 adders
  9 gnolls
  3 shadow imps
  4 white imps
  5 ufetubi
  An ooze (D:3)
  2 adder zombies
  3 adder skeletons
  4 worms
  2 dart slugs (D:2)
  3 leopard geckos
  66 orcs
  2 bats (D:3)
  2 giant cockroaches
  13 goblins (D:2)
  4 hobgoblins
  11 jackals
  6 quokkas
  A ball python (D:2)
  A frilled lizard (D:1)
  2 jackal skeletons (D:5)
  17 kobolds
  2 quokka skeletons
  A quokka zombie (D:6)
  8 rats
433 creatures vanquished.

Vanquished Creatures (others)
  5 dream sheep (D:6)
  An orc (D:4)
6 creatures vanquished.

Grand Total: 439 creatures vanquished

Notes
Turn   | Place    | Note
-------+----------+-------------------------------------------
     0 | D:1      | Flugslaktarn the Deep Dwarf Fighter began the quest for the
                  | Orb.
     0 | D:1      | Reached XP level 1. HP: 20/20 MP: 1/1
   272 | D:1      | Reached XP level 2. HP: 22/27 MP: 2/2
   555 | D:2      | Reached XP level 3. HP: 26/34 MP: 3/3
   630 | D:2      | Reached skill level 3 in Axes
   899 | D:4      | Reached XP level 4. HP: 33/42 MP: 4/4
   914 | D:4      | Reached XP level 5. HP: 33/50 MP: 5/5
  1117 | D:4      | Found a broken altar of Ashenzari.
  1191 | D:4      | Found Hureir's Distillery.
  1296 | D:4      | Noticed an ogre
  1301 | D:4      | Killed an ogre
  1301 | D:4      | Reached skill level 4 in Axes
  1319 | D:4      | Reached XP level 6. HP: 44/57 MP: 6/6
  1547 | D:4      | Found a sacrificial altar of Ru.
  1848 | D:5      | Entered Level 5 of the Dungeon
  1939 | D:5      | Found a glowing silver altar of Zin.
  1979 | D:5      | Reached skill level 5 in Axes
  1979 | D:5      | Reached skill level 1 in Dodging
  1990 | D:5      | Reached XP level 7. HP: 43/66 MP: 7/7
  2164 | D:5      | Reached skill level 5 in Fighting
  2185 | D:5      | Reached skill level 5 in Armour
  2322 | D:5      | Found an opulent altar of Gozag.
  2365 | D:5      | Reached skill level 6 in Axes
  2404 | D:5      | Reached XP level 8. HP: 30/75 MP: 5/5
  2489 | D:5      | Found a white marble altar of Elyvilon.
  2750 | D:6      | Reached skill level 7 in Axes
  2776 | D:6      | Found Qearehi's Magic Scroll Shop.
  2962 | D:6      | Found Biytin's Gadget Boutique.
  3081 | D:6      | Gained mutation: You passively map the area around you.
                  | [Deep Dwarf growth]
  3081 | D:6      | Reached XP level 9. HP: 46/85 MP: 4/4
  3208 | D:6      | Found Ocribbeq's Magic Scroll Shoppe.
  3254 | D:6      | Found Goharoic's General Store.
  3275 | D:6      | Found a shimmering altar of Xom.
  3435 | D:7      | Reached skill level 8 in Axes
  3578 | D:7      | Found a glowing golden altar of the Shining One.
  3582 | D:7      | Found a snail-covered altar of Cheibriados.
  3895 | D:7      | Reached skill level 5 in Dodging
  3986 | D:7      | Noticed Harold
  3999 | D:7      | Killed Harold
  3999 | D:7      | Reached skill level 9 in Axes
  4049 | D:7      | Found a staircase to the Ecumenical Temple.
  4065 | Temple   | Entered the Ecumenical Temple
  4337 | D:7      | Reached XP level 10. HP: 45/96 MP: 4/4
  4377 | D:7      | Found an ancient bone altar of Kikubaaqudgha.
  4385 | D:7      | Found a radiant altar of Vehumet.
  4387 | D:7      | Found a shimmering blue altar of Sif Muna.
  5092 | D:2      | Noticed Robin
  5115 | D:2      | Killed Robin
  5135 | D:2      | Noticed Terence
  5143 | D:2      | Killed Terence
  5790 | D:8      | Reached skill level 10 in Axes
  5846 | D:8      | Found a burning altar of Makhleb.
  5847 | D:8      | Found an iron altar of Okawaru.
  5904 | D:8      | Became a worshipper of Makhleb the Destroyer
  5993 | D:8      | Reached skill level 1 in Evocations
  6148 | D:8      | Reached skill level 1 in Invocations
  6270 | D:9      | Noticed a two-headed ogre
  6285 | D:9      | Killed a two-headed ogre
  6327 | D:9      | Noticed Psyche
  6340 | D:9      | Killed Psyche
  6390 | D:9      | Found Ukilo's Assorted Antiques.
  6403 | D:9      | Bought a pair of runed boots for 202 gold pieces
  6413 | D:9      | Identified a +0 pair of boots of running (You bought it in
                  | a shop on level 9 of the Dungeon)
  6477 | D:9      | Found a bloodstained altar of Trog.
  6668 | D:9      | Found an ornate altar of the Wu Jian Council.
  6720 | D:10     | Entered Level 10 of the Dungeon
  6739 | D:10     | Reached * piety under Makhleb
  6743 | D:10     | Noticed Maggie
  6750 | D:10     | Killed Maggie
  6757 | D:10     | Noticed Sonja
  6762 | D:10     | Killed Sonja
  6762 | D:10     | Reached XP level 11. HP: 69/106 MP: 1/3
  7433 | D:11     | Reached skill level 11 in Axes
  7531 | D:11     | Reached ** piety under Makhleb
  7678 | D:11     | Paralysed by a hornet for 3 turns
  7848 | D:11     | Noticed a two-headed ogre
  7864 | D:11     | Killed a two-headed ogre
  7864 | D:11     | Reached skill level 10 in Fighting
  7972 | D:11     | Reached skill level 5 in Evocations
  7993 | D:11     | Found a staircase to the Orcish Mines.
  8202 | D:11     | Found a staircase to the Lair.
  8443 | D:11     | Got a buzzing chain mail
  8454 | D:11     | Identified the cursed +0 chain mail of Jigsaw {rF+++ rC-
                  | Int+6} (You found it on level 11 of the Dungeon)
  8506 | D:12     | Reached *** piety under Makhleb
  8514 | D:12     | Reached skill level 5 in Invocations
  8546 | D:12     | Paralysed by a hornet for 3 turns
  8556 | D:12     | Noticed a catoblepas
  8559 | D:12     | Noticed a wizard
  8564 | D:12     | Killed a catoblepas
  8577 | D:12     | Killed a wizard
  8577 | D:12     | Reached XP level 12. HP: 97/117 MP: 1/3
  8680 | D:12     | Reached skill level 12 in Axes
  8889 | D:12     | Noticed a death knight
  8904 | D:12     | Killed a death knight
  8985 | D:12     | Noticed a two-headed ogre
  8996 | D:12     | Killed a two-headed ogre
  9020 | D:12     | Reached skill level 5 in Shields
  9077 | D:12     | Found Seraj's Magic Scroll Emporium.
  9085 | D:12     | Bought a scroll of brand weapon for 280 gold pieces
  9238 | D:12     | Found a roughly hewn altar of Beogh.
  9242 | D:12     | Reached **** piety under Makhleb
  9768 | D:13     | Noticed a tengu warrior
  9778 | D:13     | Killed a tengu warrior
  9803 | D:13     | Noticed an ogre mage
  9803 | D:13     | Noticed a two-headed ogre
  9804 | D:13     | Noticed a two-headed ogre
  9823 | D:13     | Killed a two-headed ogre
  9823 | D:13     | Cast into level 2 of the Abyss (ogre mage)
  9836 | Abyss:2  | Noticed a starcursed mass
  9928 | Abyss:2  | Reached ***** piety under Makhleb
  9928 | Abyss:2  | Reached skill level 13 in Axes
  9928 | Abyss:2  | Reached XP level 13. HP: 108/127 MP: 2/2
  9960 | Abyss:2  | Reached skill level 10 in Armour
 10007 | Abyss:2  | HP: 4/127 [large abomination (21)]
 10009 | Abyss:2  | Slain by a fire elemental

Illustrated notes

Levels and vault maps discovered:
D:1:      dpeg_arrival_rhombus, layout_loops_corners
D:2:      layout_loops_corners, uniq_robin, uniq_terence
D:3:      layout_loops_ring
D:4:      layout_loops_corners, nicolae_overflow_hidden_temple,
          lemuel_round_altar, serial_shops, nicolae_shop_window_shopping
D:5:      layout_basic, zin_statuary, kennysheep_mini_moat, elyvilon_altar_1,
          serial_park_tiny_2, minmay_joined_circles
D:6:      kennysheep_big_flooded_room, layout_basic, serial_shops,
          nicolae_shop_crystal, shop, shop, shop, kennysheep_small_spiral,
          kb_xom_exploding_sheep
D:7:      layout_loops_cross, palyth_temple_overflow_mages, old_standard_altar,
          cheibriados_altar_1, temple_hall, uniq_harold
D:8:      layout_rooms, gammafunk_temple_overflow_pools, hangedman_misty_isle
D:9:      layout_gridville, kennysheep_mini, lemuel_doored_altar, serial_shops,
          nicolae_shop_overgrown_old_shop, uniq_psyche
D:10:     layout_stronghold, uniq_maggie, uniq_sonja
D:11:     layout_roguey [special_room_bee], lair_entry_dummy, erik_orc_1
D:12:     minmay_tri_box, layout_basic, serial_shops, shop, special_room
          [special_room_orc], uniq_nergalle
D:13:     layout_big_octagon, ximxim_vaults_locker_room
Temple:   corrupted_temple
Abyss:2:  base:
Temple

Skill      XL: |  1  2  3  4  5  6  7  8  9 10 11 12 13 |
---------------+----------------------------------------+-----
Fighting       | 3 4 5 6 8 9 10 11 | 11.5
Axes           | 3 4 5 6 7 9 10 11 13 | 13.2
Armour         | 4 5 6 7 8 9 10 | 10.0
Shields        | 4 5 6 |  6.1
Dodging        | 1 2 4 5 6 7 |  7.8
Evocations     | 3 5 7 |  7.7
Invocations    | 2 5 7 |  7.6

Action                   |  1- 3 |  4- 6 |  7- 9 | 10-12 | 13-15 || total
-------------------------+-------+-------+-------+-------+-------++-------
Melee: War axe           |   104 |    93 |   405 |       |       ||   602
       Broad axe         |       |       |    49 |   842 |    64 ||   955
       Unarmed           |       |       |     4 |       |       ||     4
 Abil: Heal Wounds       |     1 |     3 |    25 |    28 |     2 ||    59
Evoke: Wand              |       |       |     3 |    25 |       ||    28
       Condenser vane    |       |       |       |     2 |       ||     2
  Use: Scroll            |       |       |    14 |    18 |       ||    32
       Potion            |       |       |     3 |     4 |       ||     7
Armor: Scale mail        |    29 |    56 |   140 |       |       ||   225
       Chain mail        |       |       |    94 |   184 |       ||   278
       Skin              |       |       |    35 |       |       ||    35
       Plate armour      |       |       |       |   330 |    63 ||   393
Dodge: Dodged            |    31 |    46 |   160 |   339 |    36 ||   612
Block: Kite shield       |    60 |    68 |   291 |   513 |    61 ||   993

Table legend: (Time is in decaauts)
 A = Elapsed time spent in this place.
 B = Non-inter-level travel time spent in this place.
 C = Inter-level travel time spent in this place.
 D = Time resting spent in this place.
 E = Time spent auto-exploring this place.
 F = Levels seen in this place.
 G = Mean time per level.
                   A        B        C        D        E       F      G
               +--------+--------+--------+--------+--------+-----+--------+
         Total |  10227 |   9471 |    756 |    227 |   6196 |  15 |  681.8 |
       Dungeon |   9992 |   9247 |    745 |    227 |   6118 |  13 |  768.6 |
        Temple |     45 |     34 |     11 |      0 |     32 |   1 |   45.0 |
         Abyss |    189 |    189 |      0 |      0 |     45 |   1 |  189.0 |
               +--------+--------+--------+--------+--------+-----+--------+

Top non-repeatable levels by time:
    D:12: 1237 daAuts
     D:4: 1103 daAuts
    D:11: 1085 daAuts
     D:7: 1027 daAuts
     D:5: 972 daAuts
     D:2: 845 daAuts
     D:6: 775 daAuts
     D:3: 719 daAuts
    D:10: 644 daAuts
     D:8: 626 daAuts
     D:9: 433 daAuts
     D:1: 397 daAuts
 Abyss:2: 189 daAuts
    D:13: 124 daAuts
  Temple: 45 daAuts
